 Dungeon Crawl Stone Soup version 0.31-a0-1522-g43313d8a59 (webtiles) character file.

Game seed: 16674757495989617056

28 wildpjah the Ducker (level 2, -4/22 HPs)
             Began as a Demonspawn Gladiator on Dec 30, 2023.
             Killed from afar by Sigmund (8 damage)
             ... with a magic dart
             ... on level 2 of the Dungeon.
             The game lasted 00:00:56 (1215 turns).

wildpjah the Ducker (Demonspawn Gladiator)          Turns: 1215, Time: 00:00:56

Health: -4/22      AC:  4    Str: 14    XL:     2   Next: 96%
Magic:  2/2        EV: 12    Int:  8    God:
Gold:   33         SH:  0    Dex: 14    Spells: 1/1 levels left

rFire   . . .        a - +0 long sword
rCold   . . .        (no shield)
rNeg    . . .        b - +0 leather armour
rPois   .            c - +0 helmet
rElec   .            (no cloak)
rCorr   .            (no gloves)
SInv    .            (no boots)
Will    .....        (no amulet)
Stlth   +            (no ring)
HPRegen 0.23/turn    (no ring)
MPRegen 0.08/turn

%: no passive effects
@: confused
A: claws 1
a: no special abilities


You were on level 2 of the Dungeon.
You visited 1 branch of the dungeon, and saw 2 of its levels.

You collected 33 gold pieces.

Inventory:

Hand Weapons
 a - a +0 long sword (weapon)
Missiles
 d - 3 throwing nets (quivered)
 e - a javelin
Armour
 b - a +0 leather armour (worn)
 c - a +0 helmet (worn)
Scrolls
 f - a scroll of immolation {unknown}
 g - 2 scrolls of identify {unknown}
 h - a scroll of vulnerability {unknown}
Potions
 i - a potion of mutation {unknown}


   Skills:
 + Level 2.3 Fighting
 + Level 3.1 Long Blades
 + Level 1.9 Throwing
 + Level 0.1 Armour
 + Level 3.1 Dodging


You had one spell level left.
You didn't know any spells.
Your spell library was empty.

Dungeon Overview and Level Annotations

Branches:
Dungeon (2/15)

Altars:

Annotations:
D:2 Sigmund


Innate Abilities, Weirdness & Mutations

You have sharp fingernails.


Message History

No target in view!
Sigmund the Dreaded comes into view.
He is wielding a +0 scythe.
Sigmund shouts!
An endoplasm comes into view.
Sigmund gestures at you while chanting.
You are confused.
There are monsters nearby!
You are too confused!
You are too confused!
You bump into the rock wall.
You bump into the rock wall.
You bump into the rock wall.
The endoplasm hits you.
Sigmund gestures wildly while chanting.
Sigmund flickers and vanishes!
Deactivating autopickup; reactivate with Ctrl-A.
You bump into the rock wall.
The endoplasm hits you but does no damage.
You feel less confused. The endoplasm closely misses you.
The endoplasm hits you.
You hit the endoplasm but do no damage. The endoplasm freezes you.
You are frozen.
Something hits you but does no damage. The endoplasm hits you.
You slash the endoplasm!
You kill the endoplasm!
You hear some strange, mumbled words.
You are confused.
You bump into the rock wall.
You hear some strange, mumbled words.
A magic dart appears from out of thin air!
The magic dart hits you. Something hits you.
You're too confused to move!
You hear some strange, mumbled words.
A puff of flame appears from out of thin air!
The puff of flame hits you!
* * * LOW HITPOINT WARNING * * *
A magic dart appears from out of thin air!
The magic dart hits you!
You die...

#.# #.# # #.#
.# #.# .# #.#
.. #.# ###. #.#
#.. #.# #.# #.#
#@# #.# #.# #.#
#.# #.# ###{###
#.# #.....#
#.#######.###.#
#.........# ...
#########.#
..... #...
..#..#


There were no monsters in sight!

Vanquished Creatures
  A dart slug (D:1)
  5 ball pythons
  A bat (D:1)
  5 endoplasms
  2 giant cockroaches (D:1)
  2 jackals (D:1)
  A kobold (D:1)
  A quokka (D:1)
  A frilled lizard (D:1)
  A goblin (D:1)
  4 rats (D:1)
24 creatures vanquished.

Notes
Turn   | Place    | Note
-------+----------+-------------------------------------------
     0 | D:1      | wildpjah the Demonspawn Gladiator began the quest for the
                  | Orb.
     0 | D:1      | Reached XP level 1. HP: 16/16 MP: 1/1
   147 | D:1      | Gained mutation: You have sharp fingernails. [demonic
                  | ancestry]
   147 | D:1      | Reached XP level 2. HP: 15/22 MP: 2/2
   616 | D:1      | Found a faded altar of an unknown god.
  1199 | D:2      | Noticed Sigmund
  1215 | D:2      | Killed from afar by Sigmund

Illustrated notes

Levels and vault maps discovered:
D:1:      tarquinn_simple_flora_water_c, layout_loops_corners,
          hellmonk_ecumenical_altar_zigzags, minmay_pentomino_r2
D:2:      layout_loops_ring, bh_walls_and_bars, uniq_sigmund

Skill      XL: |  1  2 |
---------------+-------+-----
Dodging        | 3 |  3.1
Long Blades    | 3 |  3.1
Fighting       | |  2.3
Throwing       | |  1.9
Armour         | |  0.1

Action                     || total
---------------------------++-------
  Melee: Long sword        ||    65
   Stab: Sleeping          ||     1
 Armour: Leather armour    ||    39
  Dodge: Dodged            ||    55

Table legend: (Time is in decaauts)
 A = Elapsed time spent in this place.
 B = Non-inter-level travel time spent in this place.
 C = Inter-level travel time spent in this place.
 D = Time resting spent in this place.
 E = Time spent auto-exploring this place.
 F = Levels seen in this place.
 G = Mean time per level.
                   A        B        C        D        E       F      G
               +--------+--------+--------+--------+--------+-----+--------+
         Total |   1232 |   1197 |     35 |      0 |   1027 |   2 |  616.0 |
       Dungeon |   1232 |   1197 |     35 |      0 |   1027 |   2 |  616.0 |
               +--------+--------+--------+--------+--------+-----+--------+

Top non-repeatable levels by time:
     D:1: 1102 daAuts
     D:2: 129 daAuts
